Map: King Sejong Station LE

Players

Zest - Winner!

  • Race: Protoss Protoss

TRUE

  • Race: Zerg Zerg

Event: 2016 WCS Global Finals

VOD

https://youtu.be/9S89fUzRWYM

Description

Time

  • Played on: Oct. 27, 2016, 2:43 p.m.
  • Length: 7:42

All games in this series

Show
View Real Time Build Order
Export as new Build Order

Zest Protoss - Winner!

Build Orders: 1 Gate Expand, Zealot Archon, Dark Templar Rush 

Get SALT Encoding   

  12  0:00  Probe (Chrono Boost)  
  13  0:11  Probe (Chrono Boost)  
  14  0:18  Pylon  
  14  0:22  Probe (Chrono Boost)  
  15  0:36  Probe (Chrono Boost)  
  15  0:40  Gateway  
  16  0:47  Probe (Chrono Boost)  
  16  0:48  Assimilator  
  17  0:58  Probe (Chrono Boost)  
  18  1:08  Probe (Chrono Boost)  
  19  1:19  Probe (Chrono Boost)  
  19  1:28  Nexus  
  19  1:30  Probe (Chrono Boost)  
  20  1:40  Assimilator  
  20  1:45  Cybernetics Core  
  20  1:49  Probe (Chrono Boost)  
  21  2:00  Probe (Chrono Boost)  
  22  2:02  Pylon  
  22  2:10  Probe (Chrono Boost)  
  23  2:18  Adept  
  23  2:22  Probe (Chrono Boost), Warp Gate  
  26  2:35  Mothership Core (Chrono Boost)  
  28  2:41  Probe (Chrono Boost), Twilight Council  
  29  2:47  Zealot  
  31  2:52  Probe (Chrono Boost)  
  31  2:53  Probe (Chrono Boost)  
  33  3:02  Probe (Chrono Boost)  
  33  3:03  Probe (Chrono Boost)  
  35  3:13  Probe (Chrono Boost)  
  35  3:14  Probe (Chrono Boost)  
  35  3:15  Robotics Facility  
  37  3:24  Probe (Chrono Boost)  
  37  3:25  Probe (Chrono Boost)  
  39  3:30  Dark Shrine  
  40  3:34  Probe (Chrono Boost)  
  40  3:35  Probe (Chrono Boost)  
  41  3:44  Gateway  
  41  3:45  Probe (Chrono Boost)  
  41  3:46  Gateway, Probe (Chrono Boost)  
  43  3:52  Gateway  
  43  3:55  Probe (Chrono Boost)  
  44  4:00  Warp Prism  
  44  4:01  Pylon  
  44  4:08  Assimilator  
  46  4:11  Assimilator  
  46  4:19  Probe (Chrono Boost)  
  46  4:20  Probe (Chrono Boost)  
  46  4:21  Pylon  
  48  4:29  Probe (Chrono Boost)  
  50  4:32  Probe (Chrono Boost)  
  50  4:40  Probe (Chrono Boost)  
  50  4:45  Probe (Chrono Boost), Blink  
  52  4:47  Dark Templar x4  
  60  4:54  Pylon, Probe (Chrono Boost)  
  62  5:15  Archon  
  62  5:16  Archon  
  61  5:21  Gateway  
  61  5:22  Observer  
  61  5:23  Gateway  
  61  5:24  Gateway  
  61  5:26  Gateway, Stalker x2  
  66  5:30  Stalker  
  68  5:40  Stalker  
  70  5:43  Pylon  
  70  5:44  Pylon  
  70  5:51  Nexus  
  70  6:10  Stalker x4  
  78  6:22  Stalker x2  
  78  6:23  Stalker x2  
  86  6:34  Pylon  
  86  6:36  Pylon  
  86  6:54  Stalker x5  
  89  7:14  Stalker x4  
  95  7:18  Stalker x3  
  97  7:25  Stalker  
Show
View Real Time Build Order
Export as new Build Order

TRUE Zerg 

Build Orders: Hatch First 

Get SALT Encoding   

  12  0:00  Drone  
  13  0:07  Drone  
  14  0:33  Hatchery  
  13  0:38  Drone  
  14  0:46  Overlord  
  14  0:52  Drone, Extractor  
  15  1:07  Drone x2  
  17  1:17  Drone, Extractor  
  17  1:24  Spawning Pool  
  16  1:28  Drone  
  17  1:38  Drone  
  18  1:42  Drone  
  19  1:50  Drone  
  20  1:56  Drone  
  21  2:07  Hatchery  
  20  2:09  Drone  
  20  2:14  Drone  
  22  2:16  Drone  
  23  2:26  Metabolic Boost  
  23  2:29  Drone x2  
  25  2:33  Zergling x2  
  25  2:36  Overlord  
  26  2:43  Queen  
  28  2:54  Zergling x2  
  28  2:55  Zergling x2  
  28  2:57  Drone x2  
  32  2:59  Queen  
  32  3:03  Overlord  
  34  3:16  Overlord  
  33  3:20  Drone  
  33  3:21  Drone, Roach Warren  
  33  3:23  Drone  
  33  3:25  Drone  
  36  3:27  Drone  
  36  3:29  Drone  
  36  3:32  Drone  
  39  3:34  Drone  
  39  3:39  Extractor  
  39  3:40  Overlord  
  39  3:45  Drone  
  40  3:59  Lair  
  40  4:02  Drone x5  
  45  4:03  Queen  
  45  4:05  Drone  
  45  4:08  Drone  
  45  4:09  Drone  
  50  4:10  Drone  
  50  4:14  Overlord  
  50  4:16  Drone  
  52  4:18  Drone  
  52  4:19  Drone  
  52  4:22  Spore Crawler  
  53  4:25  Roach  
  53  4:26  Roach  
  57  4:34  Roach x2  
  57  4:35  Drone  
  57  4:37  Extractor  
  61  4:39  Drone x4  
  61  4:43  Spore Crawler  
  64  4:46  Overlord  
  64  4:47  Overlord  
  64  4:49  Overlord  
  64  4:55  Overlord  
  64  5:00  Overseer  
  62  5:08  Drone x5  
  62  5:09  Drone x3  
  70  5:14  Drone x2  
  70  5:15  Drone  
  70  5:16  Drone x2  
  70  5:17  Drone x2  
  70  5:19  Drone  
  70  5:20  Drone  
  79  5:28  Spire  
  78  5:29  Roach  
  78  5:33  Extractor, Roach  
  78  5:35  Zergling x8  
  81  5:41  Roach  
  81  5:42  Extractor, Roach  
  84  5:44  Extractor, Zergling x2  
  84  5:45  Zergling x6  
  84  5:46  Extractor  
  86  5:50  Overlord  
  86  5:57  Drone x5  
  87  6:10  Drone  
  85  6:19  Drone x3  
  85  6:22  Zergling x2, Overlord  
  85  6:23  Zergling x10  
  94  6:29  Overlord  
  94  6:30  Overlord  
  94  6:32  Zergling x6  
  97  6:34  Overlord  
  97  6:39  Overlord  
  97  6:40  Overlord  
  97  6:43  Overlord  
  97  6:44  Zergling x2  
  97  6:45  Overlord  
  97  6:46  Zergling x2  
  98  6:49  Zergling x2  
  98  6:52  Zergling x2  
  98  6:53  Zergling x2  
  98  7:03  Mutalisk x3  
  98  7:05  Zergling x10  
  97  7:12  Zergling x6  
  97  7:13  Zergling x2  
  97  7:14  Zergling x2  
  99  7:16  Zergling x2  
Tags
 
Add a new tag
Caveats
  • Supply blocks, unpowered buildings, or Contaminate may cause inaccurate times.
  • Supply counts are checked every 10 seconds.